Saguenéens vs Little Stars
(R1)
Created - 26 novembre 2012 at 19:05
Goals
|
| Saguenéens |
2 |
1 |
3 |
6 |
| Little Stars |
1 |
1 |
2 |
4 |
|
Shots
|
| Saguenéens |
16 |
4 |
10 |
30 |
| Little Stars |
8 |
14 |
14 |
36 |
|
1st period
1. Little Stars , Hugh Jessiman 2 (Greg Stewart, Patrick O'Sullivan) at 4:03
2. Saguenéens , Dean McAmmond 1 (Brad Chartrand, Henrik Tallinder) at 10:22
3. Saguenéens , Nikolai Kulemin 6 (Darren Helm, Wade Belak) at 13:01
Penalties :
Jordan Bendfeld (Tex) for Boarding (Minor) at 19:02
2nd period
4. Little Stars , Greg Stewart 2 (Patrick O'Sullivan) at 10:00
5. Saguenéens , Kyle Brodziak 4 (Brendan Witt, Thomas Greiss) at 18:44 (SH)
Penalties :
Boris Valabik (Tex) for Roughing (Minor) at 6:44, Oskar Osala (Tex) for Cross-checking (Minor) at 9:28, Andrew MacDonald (Chi) for Diving (Minor) at 9:50, Henrik Tallinder (Chi) for Hooking (Minor) at 15:58, Zack Stortini (Chi) for Kneeing (Major) at 18:10
3rd period
6. Little Stars , Boris Valabik 2 (Patrick O'Sullivan) at 0:06 (PP)
7. Saguenéens , Michal Grosek 1 (Wayne Simmonds, Matt Niskanen) at 8:06 (PP)
8. Little Stars , Boris Valabik 3 (Troy Bodie) at 11:15 (PP)
9. Saguenéens , Wade Belak 1 (Nikolai Kulemin, Matt Niskanen) at 11:41
10. Saguenéens , Dean McAmmond 2 (Brad Chartrand) at 18:41
Penalties :
Steve Regier (Tex) for Hooking (Minor) at 1:39, Matt Pelech (Tex) for High sticking (Minor) at 7:46, Wayne Simmonds (Chi) for Holding (Minor) at 10:15
Goalie Stats
Thomas Greiss (Chi), 32 saves from 36 shots - (0,889), W, 3-1-0, 60:00 minutes
Alex Auld (Tex), 24 saves from 30 shots - (0,800), L, 0-3-0, 60:00 minutes
Players Stats for Saguenéens
Player Name G A P +/- PIM S H SB GA TA FO MP PP MP PK MP
------------------------------------------------------------------------------------
Andrew Kozek 0 0 0 -1 0 1 0 0 0 0 0/0 8:25 0:02 0:12
Andrew MacDonald 0 0 0 0 2 2 0 1 1 0 0/0 16:32 3:01 0:24
Brad Chartrand 0 2 2 2 0 1 1 0 1 0 0/0 11:58 0:02 0:00
Brendan Witt 0 1 1 0 0 1 0 0 1 0 0/0 15:24 0:00 3:34
Darren Helm 0 1 1 1 0 1 0 0 0 0 7/29 18:12 2:33 0:07
David McIntyre 0 0 0 -1 0 1 1 0 1 0 2/5 7:21 0:00 0:00
Dean McAmmond 2 0 2 3 0 4 0 0 1 0 5/8 14:58 0:00 3:17
Derek Joslin 0 0 0 1 0 0 1 1 0 0 0/0 11:33 0:07 0:59
Dwight King 0 0 0 2 0 0 2 0 0 0 0/1 12:07 0:11 0:00
Henrik Tallinder 0 1 1 3 2 2 1 3 1 1 0/0 27:22 2:07 2:05
Kyle Brodziak 1 0 1 0 0 3 0 1 0 0 7/14 18:31 2:34 3:11
Matt Niskanen 0 2 2 1 0 3 2 2 0 2 0/0 28:57 2:00 3:26
Michal Grosek 1 0 1 0 0 1 0 1 3 0 0/0 13:41 2:34 0:00
Mike Van Ryn 0 0 0 1 0 0 1 0 0 2 0/0 20:13 3:02 3:12
Nikolai Kulemin 1 1 2 2 0 5 2 1 0 0 0/0 21:10 2:23 3:17
Wade Belak 1 1 2 2 0 5 0 0 0 0 0/1 19:47 2:33 3:16
Wayne Simmonds 0 1 1 0 2 0 2 2 1 0 0/1 16:04 2:34 0:20
Zack Stortini 0 0 0 -1 5 0 1 0 0 1 0/0 7:44 0:01 0:00
Players Stats for Little Stars
Player Name G A P +/- PIM S H SB GA TA FO MP PP MP PK MP
------------------------------------------------------------------------------------
Boris Valabik 2 0 2 -2 2 5 3 3 0 2 0/0 25:13 3:55 1:22
Cody Bass 0 0 0 -1 0 0 1 1 0 1 1/4 8:46 0:01 0:53
Greg Stewart 1 1 2 1 0 5 3 0 1 1 0/0 23:05 2:53 3:10
Hugh Jessiman 1 0 1 0 0 4 3 0 0 0 2/2 17:58 2:52 0:00
Jonathan Blum 0 0 0 0 0 0 0 1 0 1 0/0 13:26 0:08 0:29
Jordan Bendfeld 0 0 0 0 2 0 2 0 0 0 0/0 13:56 0:08 1:09
Krys Kolanos 0 0 0 0 0 5 0 1 0 0 8/11 12:13 0:00 3:29
Matt D'Agostini 0 0 0 -3 0 0 3 0 1 0 3/3 17:44 3:31 0:00
Matt Halischuk 0 0 0 0 0 0 0 2 0 0 0/0 9:27 0:26 0:00
Matt Pelech 0 0 0 -1 2 0 1 1 0 1 0/0 20:17 2:47 2:09
Nathan Gerbe 0 0 0 -3 0 2 1 0 2 1 8/10 19:46 3:31 1:06
Oskar Osala 0 0 0 0 2 0 1 0 0 1 0/1 9:53 0:36 0:00
Patrick O'Sullivan 0 3 3 1 0 4 0 1 0 0 16/27 18:58 2:53 0:00
Steve MacIntyre 0 0 0 -1 0 0 1 0 0 0 0/0 7:11 0:00 0:34
Steve Regier 0 0 0 -3 2 7 3 0 2 0 0/1 19:30 3:30 1:06
Tim Ramholt 0 0 0 -2 0 3 0 1 0 1 0/0 26:25 3:55 2:38
Troy Bodie 0 1 1 -1 0 0 0 0 0 0 0/0 7:04 0:16 0:00
Tyler Eckford 0 0 0 -1 0 1 1 1 0 1 0/0 20:47 2:47 2:31
3 Stars
1 - Dean McAmmond (Chi)
2 - Nikolai Kulemin (Chi)
3 - Greg Stewart (Tex)
Power Play
Saguenéens - 1 on 5 Attempt(s) - 20,00%
Little Stars - 2 on 4 Attempt(s) - 50,00%
Penalty Kill
Saguenéens - 2 on 4 Attempt(s) - 50,00%
- Score 1 goal in Penalty Kill
Little Stars - 4 on 5 Attempt(s) - 80,00%
- Score 0 goal in Penalty Kill
Official
Referees : Dwyer Gord and Lee Chris
Linesman : Shane Heyer and Brad Kovachik
Game Notes
No Game Note
Saguenéens
5 vs 5 Forward
Center Left Wing Right Wing Time % Phy DF OF
1 Darren Helm Nikolai Kulemin Wade Belak 40 1 1 3
2 Kyle Brodziak Michal Grosek Wayne Simmonds 30 2 1 2
3 Dean McAmmond Dwight King Brad Chartrand 20 1 2 2
4 David McIntyre Andrew Kozek Zack Stortini 10 1 2 2
5 vs 5 Defense
Defense Defense Time % Phy DF OF
1 Matt Niskanen Henrik Tallinder 40 1 2 2
2 Andrew MacDonald Mike Van Ryn 30 1 2 2
3 Derek Joslin Brendan Witt 20 1 2 2
4 Matt Niskanen Henrik Tallinder 10 0 2 2
PowerPlay Forward
Center Left Wing Right Wing Time % Phy DF OF
1 Darren Helm Nikolai Kulemin Wade Belak 50 1 1 3
2 Kyle Brodziak Michal Grosek Wayne Simmonds 50 1 1 3
PowerPlay Defense
Defense Defense Time % Phy DF OF
1 Matt Niskanen Henrik Tallinder 50 1 2 2
2 Andrew MacDonald Mike Van Ryn 50 1 2 2
Penalty Kill 4 Players Forward
Center Wing Time % Phy DF OF
1 Dean McAmmond Nikolai Kulemin 50 1 2 2
2 Kyle Brodziak Wade Belak 50 1 2 2
Penalty Kill 4 Players Defense
Defense Defense Time % Phy DF OF
1 Mike Van Ryn Henrik Tallinder 50 1 2 2
2 Matt Niskanen Brendan Witt 50 1 2 2
Penalty Kill - 3 Players Forward
Forward Time % Phy DF OF
1 Dean McAmmond 50 1 2 2
2 Wade Belak 50 1 2 2
Penalty Kill - 3 Players Defense
Defense Defense Time % Phy DF OF
1 Mike Van Ryn Henrik Tallinder 50 1 2 2
2 Matt Niskanen Brendan Witt 50 1 2 2
4 vs 4 Forward
Center Wing Time % Phy DF OF
1 Darren Helm Nikolai Kulemin 50 1 2 2
2 Kyle Brodziak Wayne Simmonds 50 1 2 2
4 vs 4 Defense
Defense Defense Time % Phy DF OF
1 Matt Niskanen Brendan Witt 50 1 2 2
2 Andrew MacDonald Mike Van Ryn 50 1 2 2
Last Minutes Offensive
Center Left Wing Right Wing Defense Defense
Darren Helm Nikolai Kulemin Wade Belak Matt Niskanen Henrik Tallinder
Last Minutes Defensive
Center Left Wing Right Wing Defense Defense
Kyle Brodziak Nikolai Kulemin Wayne Simmonds Matt Niskanen Henrik Tallinder
Goaltenders
Starting : Thomas Greiss
Backup : James Reimer
Extra Forwards
Normal : Wayne Simmonds, Wade Belak, Nikolai Kulemin - PP : Wade Belak, Dwight King - PK : Wayne Simmonds
Extra Defensemen
Normal : Brendan Witt, Henrik Tallinder, Matt Niskanen - PP : Derek Joslin - PK : Derek Joslin, Andrew MacDonald
Penalty Shots
Darren Helm, Nikolai Kulemin, Wade Belak, Michal Grosek, Brad Chartrand
Little Stars
5 vs 5 Forward
Center Left Wing Right Wing Time % Phy DF OF
1 Patrick O'Sullivan Greg Stewart Hugh Jessiman 40 1 2 2
2 Nathan Gerbe Steve Regier Matt D'Agostini 30 1 2 2
3 Krys Kolanos Oskar Osala Matt Halischuk 20 1 2 2
4 Cody Bass Steve MacIntyre Troy Bodie 10 1 2 2
5 vs 5 Defense
Defense Defense Time % Phy DF OF
1 Boris Valabik Tim Ramholt 40 1 2 2
2 Tyler Eckford Matt Pelech 30 1 2 2
3 Jonathan Blum Jordan Bendfeld 20 1 2 2
4 Boris Valabik Tim Ramholt 10 1 2 2
PowerPlay Forward
Center Left Wing Right Wing Time % Phy DF OF
1 Patrick O'Sullivan Greg Stewart Hugh Jessiman 60 1 2 2
2 Nathan Gerbe Steve Regier Matt D'Agostini 40 1 2 2
PowerPlay Defense
Defense Defense Time % Phy DF OF
1 Boris Valabik Tim Ramholt 60 1 2 2
2 Tyler Eckford Matt Pelech 40 1 2 2
Penalty Kill 4 Players Forward
Center Wing Time % Phy DF OF
1 Krys Kolanos Greg Stewart 60 1 2 2
2 Nathan Gerbe Steve Regier 40 1 2 2
Penalty Kill 4 Players Defense
Defense Defense Time % Phy DF OF
1 Boris Valabik Tim Ramholt 60 1 2 2
2 Tyler Eckford Matt Pelech 40 1 2 2
Penalty Kill - 3 Players Forward
Forward Time % Phy DF OF
1 Greg Stewart 60 1 2 2
2 Steve Regier 40 1 2 2
Penalty Kill - 3 Players Defense
Defense Defense Time % Phy DF OF
1 Boris Valabik Tim Ramholt 60 1 2 2
2 Tyler Eckford Matt Pelech 40 1 2 2
4 vs 4 Forward
Center Wing Time % Phy DF OF
1 Patrick O'Sullivan Greg Stewart 60 1 2 2
2 Nathan Gerbe Steve Regier 40 1 2 2
4 vs 4 Defense
Defense Defense Time % Phy DF OF
1 Boris Valabik Tim Ramholt 60 1 2 2
2 Tyler Eckford Matt Pelech 40 1 2 2
Last Minutes Offensive
Center Left Wing Right Wing Defense Defense
Patrick O'Sullivan Steve Regier Hugh Jessiman Boris Valabik Tim Ramholt
Last Minutes Defensive
Center Left Wing Right Wing Defense Defense
Krys Kolanos Greg Stewart Hugh Jessiman Boris Valabik Tim Ramholt
Goaltenders
Starting : Alex Auld
Backup : Philippe Sauvé
Extra Forwards
Normal : Oskar Osala, Matt Halischuk, Cody Bass - PP : Oskar Osala, Matt Halischuk - PK : Cody Bass
Extra Defensemen
Normal : Jonathan Blum, Jordan Bendfeld, Boris Valabik - PP : Jonathan Blum - PK : Jordan Bendfeld, Tyler Eckford
Penalty Shots
Patrick O'Sullivan, Steve Regier, Krys Kolanos, Greg Stewart, Nathan Gerbe
% Time on Ice - Saguenéens
Lines # - Real PCT - Wanted PCT - Time Play
Normal Forward
1 - 33% - 40% - 14:46
2 - 25% - 30% - 11:07
3 - 26% - 20% - 11:40
4 - 16% - 10% - 7:21
Normal Defense
1 - 45% - 40% - 20:04
2 - 28% - 30% - 12:31
3 - 21% - 20% - 9:39
4 - 6% - 10% - 2:40
PP Forward
1 - 50% - 50% - 2:35
2 - 50% - 50% - 2:34
PP Defense
1 - 41% - 50% - 2:07
2 - 59% - 50% - 3:02
PK Forward
1 - 51% - 50% - 3:29
2 - 49% - 50% - 3:21
PK Defense
1 - 47% - 50% - 3:13
2 - 53% - 50% - 3:37
PK3 Forward
1 - 0% - 50%
2 - 0% - 50%
PK3 Defense
1 - 0% - 50%
2 - 0% - 50%
44 Forward
1 - 52% - 50% - 1:37
2 - 48% - 50% - 1:30
44 Defense
1 - 52% - 50% - 1:38
2 - 48% - 50% - 1:29
Last Minute Offensive - 0:00
Last Minute Defensive - 0:00
Total
Forward - 60:00
Defense - 60:00
|
% Time on Ice - Little Stars
Lines # - Real PCT - Wanted PCT - Time Play
Normal Forward
1 - 34% - 40% - 15:10
2 - 34% - 30% - 15:16
3 - 18% - 20% - 7:55
4 - 15% - 10% - 6:33
Normal Defense
1 - 36% - 40% - 16:13
2 - 31% - 30% - 13:45
3 - 27% - 20% - 12:08
4 - 6% - 10% - 2:48
PP Forward
1 - 45% - 60% - 3:03
2 - 55% - 40% - 3:47
PP Defense
1 - 59% - 60% - 4:03
2 - 41% - 40% - 2:47
PK Forward
1 - 79% - 60% - 4:03
2 - 21% - 40% - 1:06
PK Defense
1 - 58% - 60% - 3:00
2 - 42% - 40% - 2:09
PK3 Forward
1 - 0% - 60%
2 - 0% - 40%
PK3 Defense
1 - 0% - 60%
2 - 0% - 40%
44 Forward
1 - 74% - 60% - 2:18
2 - 26% - 40% - 0:49
44 Defense
1 - 48% - 60% - 1:30
2 - 52% - 40% - 1:37
Last Minute Offensive - 0:00
Last Minute Defensive - 0:00
Total
Forward - 60:00
Defense - 60:00
|
Play by Play
1st period
0:01 of 1st period - Darren Helm wins face-off versus Patrick O'Sullivan in neutral zone.
0:33 of 1st period - Snap shot by Steve Regier.
0:33 of 1st period - Shot Blocked by Henrik Tallinder.
0:36 of 1st period - Icing by Henrik Tallinder.
0:37 of 1st period - Krys Kolanos wins face-off versus Kyle Brodziak in Saguenéens zone.
1:00 of 1st period - Snap shot by Kyle Brodziak.
1:00 of 1st period - Stopped by Alex Auld with a rebound.
1:02 of 1st period - Slapshot by Matt Niskanen.
1:02 of 1st period - Shot Blocked by Matt Halischuk.
1:06 of 1st period - Snap shot by Michal Grosek.
1:06 of 1st period - Shot Misses the Net.
1:08 of 1st period - Snap shot by Henrik Tallinder.
1:08 of 1st period - Shot Misses the Net.
1:10 of 1st period - Slapshot by Matt Niskanen.
1:10 of 1st period - Stopped by Alex Auld with a rebound.
1:12 of 1st period - Slapshot by Matt Niskanen.
1:12 of 1st period - Stopped by Alex Auld with a rebound.
1:14 of 1st period - Snap shot by Henrik Tallinder.
1:14 of 1st period - Shot Blocked by Jonathan Blum.
1:40 of 1st period - Slapshot by Kyle Brodziak.
1:40 of 1st period - Stopped by Alex Auld with a rebound.
1:42 of 1st period - Slapshot by Henrik Tallinder.
1:42 of 1st period - Stopped by Alex Auld without a rebound.
1:43 of 1st period - Patrick O'Sullivan wins face-off versus Dwight King in Little Stars zone.
1:50 of 1st period - Wrist shot by Brad Chartrand.
1:50 of 1st period - Shot Misses the Net.
1:52 of 1st period - Slapshot by Mike Van Ryn.
1:52 of 1st period - Shot Misses the Net.
2:08 of 1st period - Mike Van Ryn is hit by Matt D'Agostini and loses puck.
2:39 of 1st period - Wrist shot by David McIntyre.
2:39 of 1st period - Stopped by Alex Auld without a rebound.
2:40 of 1st period - Dean McAmmond wins face-off versus Patrick O'Sullivan in Little Stars zone.
3:29 of 1st period - Off-side.
3:30 of 1st period - Nathan Gerbe wins face-off versus Darren Helm in neutral zone.
3:45 of 1st period - Snap shot by Steve Regier.
3:45 of 1st period - Shot Misses the Net.
3:57 of 1st period - Tim Ramholt is hit by Zack Stortini.
4:03 of 1st period - Wrist shot by Hugh Jessiman.
4:03 of 1st period - Goal by Hugh Jessiman - Saguenéens : 0 - Little Stars : 1.
4:04 of 1st period - Patrick O'Sullivan wins face-off versus Darren Helm in neutral zone.
5:07 of 1st period - Off-side.
5:08 of 1st period - Dean McAmmond wins face-off versus Oskar Osala in neutral zone.
5:21 of 1st period - Snap shot by Krys Kolanos.
5:21 of 1st period - Stopped by Thomas Greiss with a rebound.
6:06 of 1st period - Derek Joslin is hit by Jordan Bendfeld and loses puck.
6:27 of 1st period - Backhand shot by Steve Regier.
6:27 of 1st period - Stopped by Thomas Greiss without a rebound.
6:28 of 1st period - Patrick O'Sullivan wins face-off versus David McIntyre in Saguenéens zone.
6:31 of 1st period - Snap shot by Patrick O'Sullivan.
6:31 of 1st period - Shot Blocked by Henrik Tallinder.
6:33 of 1st period - Wrist shot by Greg Stewart.
6:33 of 1st period - Shot Misses the Net.
6:35 of 1st period - Slapshot by Boris Valabik.
6:35 of 1st period - Deflect By Matt Niskanen.
6:35 of 1st period - Stopped by Thomas Greiss with a rebound.
6:43 of 1st period - Matt Niskanen is hit by Boris Valabik and loses puck.
8:02 of 1st period - Tim Ramholt is hit by Brad Chartrand and loses puck.
8:07 of 1st period - Wrist shot by Brad Chartrand.
8:07 of 1st period - Stopped by Alex Auld with a rebound.
8:51 of 1st period - Wrist shot by Krys Kolanos.
8:51 of 1st period - Stopped by Thomas Greiss without a rebound.
8:52 of 1st period - Hugh Jessiman wins face-off versus Darren Helm in Saguenéens zone.
9:16 of 1st period - Icing by Hugh Jessiman.
9:17 of 1st period - Nathan Gerbe wins face-off versus Kyle Brodziak in Little Stars zone.
9:24 of 1st period - Snap shot by Nathan Gerbe.
9:24 of 1st period - Shot Blocked by Wayne Simmonds.
9:46 of 1st period - Slapshot by Greg Stewart.
9:46 of 1st period - Shot Misses the Net.
9:48 of 1st period - Wrist shot by Greg Stewart.
9:48 of 1st period - Stopped by Thomas Greiss without a rebound.
9:49 of 1st period - Patrick O'Sullivan wins face-off versus Darren Helm in Saguenéens zone.
9:52 of 1st period - Backhand shot by Patrick O'Sullivan.
9:52 of 1st period - Shot Misses the Net.
10:15 of 1st period - Boris Valabik is hit by Dwight King and loses puck.
10:22 of 1st period - Slapshot by Dean McAmmond.
10:22 of 1st period - Goal by Dean McAmmond - Saguenéens : 1 - Little Stars : 1.
10:23 of 1st period - Darren Helm wins face-off versus Patrick O'Sullivan in neutral zone.
10:28 of 1st period - Wrist shot by Nikolai Kulemin.
10:28 of 1st period - Stopped by Alex Auld without a rebound.
10:29 of 1st period - Darren Helm wins face-off versus Patrick O'Sullivan in Little Stars zone.
11:41 of 1st period - Wrist shot by Darren Helm.
11:41 of 1st period - Deflect By Nikolai Kulemin.
11:41 of 1st period - Stopped by Alex Auld with a rebound.
12:00 of 1st period - Snap shot by Andrew MacDonald.
12:00 of 1st period - Stopped by Alex Auld without a rebound.
12:01 of 1st period - Patrick O'Sullivan wins face-off versus David McIntyre in Little Stars zone.
12:06 of 1st period - Snap shot by Greg Stewart.
12:06 of 1st period - Shot Misses the Net.
12:34 of 1st period - Kyle Brodziak is hit by Nathan Gerbe.
12:38 of 1st period - Tyler Eckford is hit by Wayne Simmonds and loses puck.
12:59 of 1st period - Snap shot by Darren Helm.
12:59 of 1st period - Shot Blocked by Boris Valabik.
13:01 of 1st period - Snap shot by Nikolai Kulemin.
13:01 of 1st period - Goal by Nikolai Kulemin - Saguenéens : 2 - Little Stars : 1.
13:02 of 1st period - Patrick O'Sullivan wins face-off versus Darren Helm in neutral zone.
13:54 of 1st period - Backhand shot by Dean McAmmond.
13:54 of 1st period - Shot Misses the Net.
13:56 of 1st period - Slapshot by Dean McAmmond.
13:56 of 1st period - Deflect By Brad Chartrand.
13:56 of 1st period - Shot Misses the Net.
13:56 of 1st period - Puck is out of play.
13:57 of 1st period - Darren Helm wins face-off versus Krys Kolanos in Little Stars zone.
14:12 of 1st period - Wrist shot by Wade Belak.
14:12 of 1st period - Shot Blocked by Krys Kolanos.
14:20 of 1st period - Slapshot by Boris Valabik.
14:20 of 1st period - Stopped by Thomas Greiss with a rebound.
14:44 of 1st period - Matt Niskanen is hit by Tyler Eckford and loses puck.
15:30 of 1st period - Wrist shot by Wade Belak.
15:30 of 1st period - Stopped by Alex Auld with a rebound.
15:38 of 1st period - Derek Joslin is hit by Cody Bass and loses puck.
16:15 of 1st period - Wrist shot by Krys Kolanos.
16:15 of 1st period - Stopped by Thomas Greiss without a rebound.
16:16 of 1st period - Krys Kolanos wins face-off versus Darren Helm in Saguenéens zone.
16:17 of 1st period - Snap shot by Oskar Osala.
16:17 of 1st period - Shot Misses the Net.
17:05 of 1st period - Snap shot by David McIntyre.
17:05 of 1st period - Shot Misses the Net.
17:07 of 1st period - Slapshot by Brendan Witt.
17:07 of 1st period - Shot Misses the Net.
17:35 of 1st period - Henrik Tallinder is hit by Steve MacIntyre and loses puck.
18:18 of 1st period - Snap shot by Matt Niskanen.
18:18 of 1st period - Stopped by Alex Auld with a rebound.
18:28 of 1st period - Dean McAmmond is hit by Matt D'Agostini and loses puck.
18:51 of 1st period - Snap shot by Nikolai Kulemin.
18:51 of 1st period - Shot Misses the Net.
18:53 of 1st period - Slapshot by Andrew MacDonald.
18:53 of 1st period - Stopped by Alex Auld with a rebound.
18:55 of 1st period - Snap shot by Nikolai Kulemin.
18:55 of 1st period - Stopped by Alex Auld with a rebound.
19:02 of 1st period - Minor Penalty to Jordan Bendfeld for Boarding.
19:03 of 1st period - Krys Kolanos wins face-off versus Darren Helm in Little Stars zone.
2nd period
0:01 of 2nd period - Krys Kolanos wins face-off versus Kyle Brodziak in neutral zone.
1:02 of 2nd period - Penalty to Jordan Bendfeld is over, Jordan Bendfeld is back on ice.
1:19 of 2nd period - Slapshot by Steve MacIntyre.
1:19 of 2nd period - Deflect By Cody Bass.
1:19 of 2nd period - Shot Misses the Net.
1:19 of 2nd period - Puck is out of play.
1:20 of 2nd period - David McIntyre wins face-off versus Cody Bass in Saguenéens zone.
1:46 of 2nd period - Nikolai Kulemin is hit by Steve Regier and loses puck.
1:55 of 2nd period - Snap shot by Steve Regier.
1:55 of 2nd period - Stopped by Thomas Greiss without a rebound.
1:56 of 2nd period - Patrick O'Sullivan wins face-off versus Kyle Brodziak in Saguenéens zone.
2:05 of 2nd period - Snap shot by Patrick O'Sullivan.
2:05 of 2nd period - Stopped by Thomas Greiss without a rebound.
2:06 of 2nd period - Kyle Brodziak wins face-off versus Patrick O'Sullivan in Saguenéens zone.
2:13 of 2nd period - Michal Grosek is hit by Greg Stewart and loses puck.
2:30 of 2nd period - Slapshot by Henrik Tallinder.
2:30 of 2nd period - Shot Blocked by Boris Valabik.
2:44 of 2nd period - Snap shot by Greg Stewart.
2:44 of 2nd period - Stopped by Thomas Greiss with a rebound.
2:46 of 2nd period - Snap shot by Hugh Jessiman.
2:46 of 2nd period - Shot Misses the Net.
2:48 of 2nd period - Slapshot by Boris Valabik.
2:48 of 2nd period - Shot Blocked by Wayne Simmonds.
2:50 of 2nd period - Slapshot by Boris Valabik.
2:50 of 2nd period - Shot Misses the Net.
2:52 of 2nd period - Snap shot by Boris Valabik.
2:52 of 2nd period - Deflect By Patrick O'Sullivan.
2:52 of 2nd period - Stopped by Thomas Greiss with a rebound.
3:16 of 2nd period - Wrist shot by Patrick O'Sullivan.
3:16 of 2nd period - Shot Misses the Net.
3:18 of 2nd period - Slapshot by Tim Ramholt.
3:18 of 2nd period - Deflect By Matt Niskanen.
3:18 of 2nd period - Stopped by Thomas Greiss without a rebound.
3:19 of 2nd period - Nathan Gerbe wins face-off versus Darren Helm in Saguenéens zone.
3:30 of 2nd period - Wrist shot by Steve Regier.
3:30 of 2nd period - Stopped by Thomas Greiss without a rebound.
3:31 of 2nd period - Matt D'Agostini wins face-off versus Darren Helm in Saguenéens zone.
3:32 of 2nd period - Backhand shot by Steve Regier.
3:32 of 2nd period - Shot Misses the Net.
3:46 of 2nd period - Snap shot by Wade Belak.
3:46 of 2nd period - Shot Misses the Net.
4:03 of 2nd period - Slapshot by Krys Kolanos.
4:03 of 2nd period - Stopped by Thomas Greiss with a rebound.
4:05 of 2nd period - Snap shot by Matt Pelech.
4:05 of 2nd period - Shot Blocked by Derek Joslin.
4:07 of 2nd period - Slapshot by Tyler Eckford.
4:07 of 2nd period - Stopped by Thomas Greiss with a rebound.
4:14 of 2nd period - Icing by Derek Joslin.
4:15 of 2nd period - Cody Bass wins face-off versus David McIntyre in Saguenéens zone.
4:18 of 2nd period - Wrist shot by Cody Bass.
4:18 of 2nd period - Deflect By Andrew Kozek.
4:18 of 2nd period - Shot Misses the Net.
4:18 of 2nd period - Puck is out of play.
4:19 of 2nd period - David McIntyre wins face-off versus Cody Bass in Saguenéens zone.
4:26 of 2nd period - Snap shot by Steve MacIntyre.
4:26 of 2nd period - Shot Misses the Net.
4:31 of 2nd period - Off-side.
4:32 of 2nd period - Patrick O'Sullivan wins face-off versus Darren Helm in neutral zone.
4:37 of 2nd period - Henrik Tallinder is hit by Hugh Jessiman and loses puck.
5:03 of 2nd period - Wrist shot by Nathan Gerbe.
5:03 of 2nd period - Stopped by Thomas Greiss without a rebound.
5:04 of 2nd period - Kyle Brodziak wins face-off versus Steve Regier in Saguenéens zone.
5:40 of 2nd period - Wrist shot by Nathan Gerbe.
5:40 of 2nd period - Shot Misses the Net.
6:44 of 2nd period - Minor Penalty to Boris Valabik for Roughing.
6:45 of 2nd period - Kyle Brodziak wins face-off versus Krys Kolanos in Little Stars zone.
6:46 of 2nd period - Wrist shot by Michal Grosek.
6:46 of 2nd period - Shot Misses the Net.
6:48 of 2nd period - Wrist shot by Michal Grosek.
6:48 of 2nd period - Shot Misses the Net.
7:14 of 2nd period - Tim Ramholt is hit by Nikolai Kulemin.
8:26 of 2nd period - Tim Ramholt is hit by Wayne Simmonds and loses puck.
8:44 of 2nd period - Penalty to Boris Valabik is over, Boris Valabik is back on ice.
9:03 of 2nd period - Matt Pelech is hit by Derek Joslin.
9:07 of 2nd period - Derek Joslin is hit by Greg Stewart and loses puck.
9:20 of 2nd period - Dean McAmmond is hit by Steve Regier and loses puck.
9:28 of 2nd period - Minor Penalty to Oskar Osala for Cross-checking.
9:29 of 2nd period - Krys Kolanos wins face-off versus Darren Helm in Little Stars zone.
9:50 of 2nd period - Minor Penalty to Andrew MacDonald for Diving.
9:51 of 2nd period - Patrick O'Sullivan wins face-off versus Darren Helm in Saguenéens zone.
10:00 of 2nd period - Snap shot by Greg Stewart.
10:00 of 2nd period - Goal by Greg Stewart - Saguenéens : 2 - Little Stars : 2.
10:01 of 2nd period - Kyle Brodziak wins face-off versus Patrick O'Sullivan in neutral zone.
10:10 of 2nd period - Wrist shot by Kyle Brodziak.
10:10 of 2nd period - Shot Misses the Net.
11:28 of 2nd period - Penalty to Oskar Osala is over, Oskar Osala is back on ice.
11:50 of 2nd period - Penalty to Andrew MacDonald is over, Andrew MacDonald is back on ice.
12:27 of 2nd period - Snap shot by Dean McAmmond.
12:27 of 2nd period - Deflect By Brad Chartrand.
12:27 of 2nd period - Shot Misses the Net.
12:27 of 2nd period - Puck is out of play.
12:28 of 2nd period - Dean McAmmond wins face-off versus Cody Bass in Little Stars zone.
12:37 of 2nd period - Snap shot by Dean McAmmond.
12:37 of 2nd period - Stopped by Alex Auld without a rebound.
12:38 of 2nd period - Patrick O'Sullivan wins face-off versus Darren Helm in Little Stars zone.
12:38 of 2nd period - Patrick O'Sullivan is hit by Nikolai Kulemin.
13:28 of 2nd period - Slapshot by Tim Ramholt.
13:28 of 2nd period - Shot Misses the Net.
13:30 of 2nd period - Wrist shot by Cody Bass.
13:30 of 2nd period - Shot Blocked by Matt Niskanen.
13:32 of 2nd period - Slapshot by Tim Ramholt.
13:32 of 2nd period - Stopped by Thomas Greiss with a rebound.
13:34 of 2nd period - Slapshot by Boris Valabik.
13:34 of 2nd period - Shot Blocked by Matt Niskanen.
13:36 of 2nd period - Snap shot by Tim Ramholt.
13:36 of 2nd period - Shot Misses the Net.
13:38 of 2nd period - Wrist shot by Boris Valabik.
13:38 of 2nd period - Shot Blocked by Kyle Brodziak.
14:14 of 2nd period - Wrist shot by Patrick O'Sullivan.
14:14 of 2nd period - Stopped by Thomas Greiss with a rebound.
14:16 of 2nd period - Slapshot by Patrick O'Sullivan.
14:16 of 2nd period - Deflect By Hugh Jessiman.
14:16 of 2nd period - Shot Blocked by Henrik Tallinder.
14:16 of 2nd period - Puck is out of play.
14:17 of 2nd period - Nathan Gerbe wins face-off versus Darren Helm in Saguenéens zone.
14:32 of 2nd period - Slapshot by Andrew MacDonald.
14:32 of 2nd period - Shot Blocked by Matt Pelech.
14:42 of 2nd period - Matt D'Agostini is hit by David McIntyre and loses puck.
14:47 of 2nd period - Snap shot by David McIntyre.
14:47 of 2nd period - Shot Blocked by Tyler Eckford.
14:57 of 2nd period - Snap shot by Steve Regier.
14:57 of 2nd period - Stopped by Thomas Greiss without a rebound.
14:58 of 2nd period - Patrick O'Sullivan wins face-off versus Darren Helm in Saguenéens zone.
14:59 of 2nd period - Backhand shot by Greg Stewart.
14:59 of 2nd period - Stopped by Thomas Greiss without a rebound.
15:00 of 2nd period - Darren Helm wins face-off versus Patrick O'Sullivan in Saguenéens zone.
15:07 of 2nd period - Slapshot by Wade Belak.
15:07 of 2nd period - Stopped by Alex Auld with a rebound.
15:12 of 2nd period - Off-side.
15:13 of 2nd period - Patrick O'Sullivan wins face-off versus Darren Helm in neutral zone.
15:26 of 2nd period - Snap shot by Hugh Jessiman.
15:26 of 2nd period - Shot Misses the Net.
15:32 of 2nd period - Andrew MacDonald is hit by Greg Stewart and loses puck.
15:58 of 2nd period - Minor Penalty to Henrik Tallinder for Hooking.
15:59 of 2nd period - Nathan Gerbe wins face-off versus Dean McAmmond in Saguenéens zone.
16:08 of 2nd period - Wrist shot by Wade Belak.
16:08 of 2nd period - Stopped by Alex Auld with a rebound.
16:24 of 2nd period - Dean McAmmond is hit by Matt Pelech and loses puck.
17:58 of 2nd period - Penalty to Henrik Tallinder is over, Henrik Tallinder is back on ice.
18:03 of 2nd period - Slapshot by Henrik Tallinder.
18:03 of 2nd period - Shot Blocked by Boris Valabik.
18:10 of 2nd period - Major Penalty to Zack Stortini for Kneeing.
18:11 of 2nd period - Kyle Brodziak wins face-off versus Patrick O'Sullivan in Saguenéens zone.
18:44 of 2nd period - Slapshot by Kyle Brodziak.
18:44 of 2nd period - Goal by Kyle Brodziak - Saguenéens : 3 - Little Stars : 2.
18:45 of 2nd period - Kyle Brodziak wins face-off versus Patrick O'Sullivan in neutral zone.
18:56 of 2nd period - Snap shot by Kyle Brodziak.
18:56 of 2nd period - Shot Misses the Net.
19:10 of 2nd period - Nikolai Kulemin is hit by Boris Valabik.
19:21 of 2nd period - Brendan Witt is hit by Matt D'Agostini and loses puck.
3rd period
0:01 of 3rd period - Patrick O'Sullivan wins face-off versus Dean McAmmond in neutral zone.
0:06 of 3rd period - Slapshot by Boris Valabik.
0:06 of 3rd period - Goal by Boris Valabik - Saguenéens : 3 - Little Stars : 3.
0:07 of 3rd period - Patrick O'Sullivan wins face-off versus Kyle Brodziak in neutral zone.
0:22 of 3rd period - Snap shot by Hugh Jessiman.
0:22 of 3rd period - Deflect By Wade Belak.
0:22 of 3rd period - Stopped by Thomas Greiss with a rebound.
0:48 of 3rd period - Wrist shot by Steve Regier.
0:48 of 3rd period - Shot Blocked by Nikolai Kulemin.
1:39 of 3rd period - Minor Penalty to Steve Regier for Hooking.
1:40 of 3rd period - Darren Helm wins face-off versus Patrick O'Sullivan in Little Stars zone.
1:47 of 3rd period - Andrew MacDonald is hit by Boris Valabik and loses puck.
3:10 of 3rd period - Penalty to Zack Stortini is over, Zack Stortini is back on ice.
3:39 of 3rd period - Penalty to Steve Regier is over, Steve Regier is back on ice.
4:11 of 3rd period - Snap shot by Greg Stewart.
4:11 of 3rd period - Deflect By Krys Kolanos.
4:11 of 3rd period - Stopped by Thomas Greiss with a rebound.
4:31 of 3rd period - Snap shot by Cody Bass.
4:31 of 3rd period - Shot Misses the Net.
6:05 of 3rd period - Kyle Brodziak is hit by Hugh Jessiman and loses puck.
6:18 of 3rd period - Slapshot by Henrik Tallinder.
6:18 of 3rd period - Shot Misses the Net.
6:20 of 3rd period - Slapshot by Henrik Tallinder.
6:20 of 3rd period - Shot Blocked by Cody Bass.
6:22 of 3rd period - Slapshot by Henrik Tallinder.
6:22 of 3rd period - Shot Misses the Net.
6:34 of 3rd period - Wrist shot by Andrew Kozek.
6:34 of 3rd period - Stopped by Alex Auld with a rebound.
6:36 of 3rd period - Backhand shot by Brendan Witt.
6:36 of 3rd period - Stopped by Alex Auld with a rebound.
6:54 of 3rd period - Slapshot by Darren Helm.
6:54 of 3rd period - Shot Misses the Net.
6:56 of 3rd period - Wrist shot by Darren Helm.
6:56 of 3rd period - Stopped by Alex Auld with a rebound.
7:08 of 3rd period - Matt Pelech is hit by Dwight King.
7:12 of 3rd period - Wrist shot by Steve Regier.
7:12 of 3rd period - Stopped by Thomas Greiss with a rebound.
7:27 of 3rd period - Snap shot by Michal Grosek.
7:27 of 3rd period - Deflect By Kyle Brodziak.
7:27 of 3rd period - Shot Misses the Net.
7:27 of 3rd period - Puck is out of play.
7:28 of 3rd period - Matt D'Agostini wins face-off versus Wayne Simmonds in Little Stars zone.
7:33 of 3rd period - Snap shot by Boris Valabik.
7:33 of 3rd period - Stopped by Thomas Greiss without a rebound.
7:34 of 3rd period - Matt D'Agostini wins face-off versus Darren Helm in Saguenéens zone.
7:46 of 3rd period - Minor Penalty to Matt Pelech for High sticking.
7:47 of 3rd period - Krys Kolanos wins face-off versus Kyle Brodziak in Little Stars zone.
7:55 of 3rd period - Off-side.
7:56 of 3rd period - Krys Kolanos wins face-off versus Kyle Brodziak in neutral zone.
8:06 of 3rd period - Wrist shot by Michal Grosek.
8:06 of 3rd period - Goal by Michal Grosek - Saguenéens : 4 - Little Stars : 3.
8:07 of 3rd period - Patrick O'Sullivan wins face-off versus Darren Helm in neutral zone.
8:10 of 3rd period - Snap shot by Tim Ramholt.
8:10 of 3rd period - Deflect By Greg Stewart.
8:10 of 3rd period - Stopped by Thomas Greiss with a rebound.
8:12 of 3rd period - Slapshot by Tim Ramholt.
8:12 of 3rd period - Stopped by Thomas Greiss with a rebound.
8:45 of 3rd period - Hugh Jessiman is hit by Matt Niskanen and loses puck.
9:44 of 3rd period - Snap shot by Patrick O'Sullivan.
9:44 of 3rd period - Shot Misses the Net.
9:46 of 3rd period - Wrist shot by Patrick O'Sullivan.
9:46 of 3rd period - Shot Misses the Net.
9:56 of 3rd period - Slapshot by Patrick O'Sullivan.
9:56 of 3rd period - Shot Misses the Net.
9:58 of 3rd period - Snap shot by Patrick O'Sullivan.
9:58 of 3rd period - Stopped by Thomas Greiss with a rebound.
10:00 of 3rd period - Backhand shot by Matt Pelech.
10:00 of 3rd period - Shot Blocked by Andrew MacDonald.
10:02 of 3rd period - Snap shot by Hugh Jessiman.
10:02 of 3rd period - Stopped by Thomas Greiss with a rebound.
10:04 of 3rd period - Snap shot by Patrick O'Sullivan.
10:04 of 3rd period - Shot Misses the Net.
10:06 of 3rd period - Slapshot by Tyler Eckford.
10:06 of 3rd period - Deflect By Hugh Jessiman.
10:06 of 3rd period - Stopped by Thomas Greiss with a rebound.
10:15 of 3rd period - Minor Penalty to Wayne Simmonds for Holding.
10:16 of 3rd period - Nathan Gerbe wins face-off versus Dean McAmmond in Saguenéens zone.
10:55 of 3rd period - Dean McAmmond is hit by Steve Regier and loses puck.
11:06 of 3rd period - Troy Bodie is hit by Mike Van Ryn and loses puck.
11:15 of 3rd period - Slapshot by Boris Valabik.
11:15 of 3rd period - Goal by Boris Valabik - Saguenéens : 4 - Little Stars : 4.
11:16 of 3rd period - Darren Helm wins face-off versus Krys Kolanos in neutral zone.
11:25 of 3rd period - Slapshot by Matt Niskanen.
11:25 of 3rd period - Shot Blocked by Matt Halischuk.
11:27 of 3rd period - Snap shot by Wade Belak.
11:27 of 3rd period - Shot Misses the Net.
11:29 of 3rd period - Slapshot by Henrik Tallinder.
11:29 of 3rd period - Stopped by Alex Auld without a rebound.
11:30 of 3rd period - Nathan Gerbe wins face-off versus Darren Helm in Little Stars zone.
11:41 of 3rd period - Snap shot by Wade Belak.
11:41 of 3rd period - Goal by Wade Belak - Saguenéens : 5 - Little Stars : 4.
11:42 of 3rd period - Hugh Jessiman wins face-off versus Darren Helm in neutral zone.
11:53 of 3rd period - Snap shot by Nikolai Kulemin.
11:53 of 3rd period - Stopped by Alex Auld without a rebound.
11:54 of 3rd period - Patrick O'Sullivan wins face-off versus Darren Helm in Little Stars zone.
11:54 of 3rd period - Patrick O'Sullivan is hit by Henrik Tallinder.
12:10 of 3rd period - Wrist shot by Nikolai Kulemin.
12:10 of 3rd period - Shot Blocked by Tim Ramholt.
12:28 of 3rd period - Snap shot by Steve Regier.
12:28 of 3rd period - Deflect By Nathan Gerbe.
12:28 of 3rd period - Shot Misses the Net.
12:28 of 3rd period - Puck is out of play.
12:29 of 3rd period - Nathan Gerbe wins face-off versus Darren Helm in Saguenéens zone.
13:12 of 3rd period - Backhand shot by Nikolai Kulemin.
13:12 of 3rd period - Deflect By Wade Belak.
13:12 of 3rd period - Deflect By Krys Kolanos.
13:12 of 3rd period - Stopped by Alex Auld without a rebound.
13:13 of 3rd period - Kyle Brodziak wins face-off versus Patrick O'Sullivan in Little Stars zone.
13:14 of 3rd period - Slapshot by Matt Niskanen.
13:14 of 3rd period - Shot Blocked by Patrick O'Sullivan.
14:30 of 3rd period - Slapshot by Steve MacIntyre.
14:30 of 3rd period - Shot Blocked by Michal Grosek.
14:40 of 3rd period - Nikolai Kulemin is hit by Hugh Jessiman and loses puck.
14:58 of 3rd period - Off-side.
14:59 of 3rd period - Dean McAmmond wins face-off versus Nathan Gerbe in neutral zone.
15:03 of 3rd period - Icing by Nathan Gerbe.
15:04 of 3rd period - Dean McAmmond wins face-off versus Nathan Gerbe in Little Stars zone.
15:13 of 3rd period - Slapshot by Dean McAmmond.
15:13 of 3rd period - Stopped by Alex Auld with a rebound.
16:43 of 3rd period - Brad Chartrand is hit by Jordan Bendfeld and loses puck.
17:14 of 3rd period - Backhand shot by Matt D'Agostini.
17:14 of 3rd period - Shot Misses the Net.
17:16 of 3rd period - Snap shot by Steve Regier.
17:16 of 3rd period - Stopped by Thomas Greiss with a rebound.
17:38 of 3rd period - Nathan Gerbe is hit by Matt Niskanen and loses puck.
17:59 of 3rd period - Snap shot by Steve Regier.
17:59 of 3rd period - Stopped by Thomas Greiss with a rebound.
18:01 of 3rd period - Snap shot by Nathan Gerbe.
18:01 of 3rd period - Stopped by Thomas Greiss with a rebound.
18:41 of 3rd period - Wrist shot by Dean McAmmond.
18:41 of 3rd period - Deflect By Nathan Gerbe.
18:41 of 3rd period - Goal by Dean McAmmond - Saguenéens : 6 - Little Stars : 4.
18:42 of 3rd period - Krys Kolanos wins face-off versus Wade Belak in neutral zone.
19:29 of 3rd period - Nikolai Kulemin is hit by Oskar Osala and loses puck.
Output by the SimonT Hockey Simulator (STHS) for François Prévost -- Original Page W3C XHTML 1.0 Valid